 Dungeon Crawl Stone Soup version 0.28.0-45-g0d030f2227 (webtiles) character file.

Game seed: 8072275967202026346

77646 DemonSlayer the Thaumaturge (level 15, -1/100 HPs)
             Began as a Demonspawn Fire Elementalist on Apr 4, 2022.
             Was the Champion of Cheibriados.
             Killed by an exploding fulminant prism (38 damage)
             ... on level 2 of the Orcish Mines.
             The game lasted 01:26:10 (28582 turns).

DemonSlayer the Thaumaturge (DsFE)                 Turns: 28582, Time: 01:26:11

Health: -1/100     AC: 21    Str: 21    XL:     15   Next: 15%
Magic:  23/33      EV: 24    Int: 47    God:    Cheibriados [******]
Gold:   809        SH: 12    Dex: 33    Spells: 3/42 levels left

rFire   + . .      SeeInvis +   h - +6 spear "Ogre's Death Toll" {vorpal, Contam rElec Int+5 Dex+4}
rCold   + + +      Faith    .   d - +0 buckler
rNeg    + . .      Spirit   .   e - +4 skin of Zhor {*Englaciate rC+++ SInv}
rPois   +          Reflect  .   (helmet unavailable)
rElec   +          Harm     .   z - +2 ratskin cloak {*Rats rPois rN+ Str-1 Int-1 Dex+1}
rCorr   .          Rampage  .   s - +0 pair of gloves {infuse}
Will    ++...                   v - +0 pair of boots {Fly}
Stlth   ++++......              c - amulet of magic regeneration
HPRegen 0.26/turn               x - ring of protection from fire
MPRegen 0.63/turn               K - +4 ring of evasion

@: sanguine armoured, flying, very slow
A: antennae 3, foul stench 3, icemail 1, sanguine armour 1, condensation shield,
clever 2, strong-willed 1, weak 1
a: Renounce Religion, Bend Time, Temporal Distortion, Slouch, Step From Time


You were on level 2 of the Orcish Mines.
You worshipped Cheibriados.
Cheibriados was exalted by your worship.
You visited 4 branches of the dungeon, and saw 20 of its levels.
You also visited: Sewer and Bailey.

You collected 1307 gold pieces.
You spent 498 gold pieces at shops.

Inventory:

Hand Weapons
 h - the +6 spear "Ogre's Death Toll" (weapon) {vorpal, Contam rElec Int+5 Dex+4}
   (You found it on level 3 of the Lair of Beasts)

   It inflicts extra damage upon your enemies.
   Int:       It affects your intelligence (+5).
   Dex:       It affects your dexterity (+4).
   rElec:     It insulates you from electricity.
   Contam:    It causes magical contamination when unequipped.
 A - a +4 dagger of flaming
Armour
 d - a +0 buckler (worn)
 e - the +4 skin of Zhor (worn) {*Englaciate rC+++ SInv}
   (You found it on level 10 of the Dungeon)

   It radiates cold, occasionally slowing all nearby creatures who are not
   resistant to cold.
   rC:        It renders you almost immune to cold.
   SInv:      It lets you see invisible.
 l - a +8 plate armour of ponderousness
 s - a +0 pair of gloves of infusion (worn)
 v - a +0 pair of boots of flying (worn)
 z - the +2 ratskin cloak (worn) {*Rats rPois rN+ Str-1 Int-1 Dex+1}
   (You found it on level 11 of the Dungeon)

   When the wearer is hurt, rats may emerge from it to assist them.
   Str:       It affects your strength (-1).
   Int:       It affects your intelligence (-1).
   Dex:       It affects your dexterity (+1).
   rPois:     It protects you from poison.
   rN:        It protects you from negative energy.
Jewellery
 c - an amulet of magic regeneration (around neck)
 m - a ring of positive energy
 n - a ring of poison resistance
 u - an amulet of guardian spirit
 x - a ring of protection from fire (left hand)
 I - a ring of wizardry
 K - a +4 ring of evasion (right hand)
 N - a +6 ring of strength
Wands
 g - a wand of iceblast (3)
 k - a wand of acid (8)
 w - a wand of paralysis (4)
 y - a wand of flame (60)
 B - a wand of polymorph (3)
 D - a wand of mindburst (3)
 E - a wand of digging (6)
Scrolls
 a - a scroll of vulnerability
 b - a scroll of fog
 f - 6 scrolls of fear
 j - 3 scrolls of immolation
 t - 4 scrolls of teleportation
 C - a scroll of magic mapping
 J - a scroll of torment
 L - a scroll of summoning
 M - a scroll of identify
Potions
 o - 3 potions of lignification
 p - 6 potions of curing
 q - 4 potions of brilliance
 r - a potion of cancellation
 F - 2 potions of mutation
 H - 6 potions of ambrosia
Miscellaneous
 i - a box of beasts
 G - a phantom mirror


   Skills:
 + Level 4.0 Fighting
 + Level 1.9(2.1) Short Blades
 + Level 1.1(1.7) Long Blades
 + Level 1.1(2.6) Axes
 + Level 1.1(1.6) Maces & Flails
 + Level 3.4(3.6) Polearms
 + Level 1.1(2.6) Staves
 + Level 1.1(1.4) Slings
 + Level 1.1 Bows
 + Level 1.1 Crossbows
 + Level 1.1(1.4) Throwing
 + Level 2.0 Armour
 + Level 7.0 Dodging
 + Level 5.6 Stealth
 + Level 4.7 Shields
 + Level 1.1 Unarmed Combat
 + Level 14.3 Spellcasting
 + Level 11.1 Conjurations
 + Level 2.2 Hexes
 + Level 1.9 Summonings
 + Level 1.4 Necromancy
 + Level 1.1 Translocations
 + Level 1.1 Transmutations
 + Level 8.9 Fire Magic
 + Level 1.1 Ice Magic
 + Level 1.1 Air Magic
 + Level 9.5 Earth Magic
 + Level 1.2 Poison Magic
 + Level 2.5 Invocations
 + Level 1.8 Evocations


You had 3 spell levels left.
You knew the following spells:

 Your Spells              Type           Power      Damage    Failure   Level
a - Foxfire               Conj/Fire      100%       2x1d9     0%          1
b - Scorch                Fire           100%       2d10      1%          2
c - Conjure Flame         Conj/Fire      91%        6-21      1%          3
d - Inner Flame           Hex/Fire       72%        N/A       1%          3
e - Searing Ray           Conj           100%       2d8       0%          2
f - Fulminant Prism       Conj/Hex       38%        3d18      1%          4
g - Flame Wave            Conj/Fire      91%        2d15      1%          4
h - Stone Arrow           Conj/Erth      100%       3d13      1%          3
i - Summon Mana Viper     Hex/Summ       52%        N/A       11%         5
j - Summon Ice Beast      Ice/Summ       48%        N/A       4%          4
k - Dispel Undead         Necr           47%        3d18      4%          4
l - Sticky Flame          Conj/Fire      91%        2d10      1%          4

Your spell library contained the following spells:

 Spells                   Type           Power      Damage    Failure   Level
 Magic Dart               Conj           100%       1d8       0%          1
 Animate Skeleton         Necr           94%        N/A       1%          1
 Apportation              Tloc           88%        N/A       1%          1
 Sandblast                Erth           100%       2d20      1%          1
 Summon Small Mammal      Summ           100%       N/A       1%          1
 Passwall                 Tmut/Erth      59%        N/A       1%          2
 Static Discharge         Conj/Air       75%        N/A       1%          2
 Ignite Poison            Fire/Tmut/Pois 62%        N/A       1%          3
 Borgnjor's Vile Clutch   Necr/Erth      35%        N/A       2%          5
 Alistair's Intoxication  Tmut/Pois      30%        N/A       16%         5
 Eringya's Noxious Bog    Tmut/Pois      22%        N/A       63%         6
 Monstrous Menagerie      Summ           25%        N/A       98%         7


Dungeon Overview and Level Annotations

Branches:
Dungeon (11/15)            Temple (1/1) D:6            Lair (6/6) D:11
  Swamp (0/4) Lair:2        Snake (0/4) Lair:2        Slime (0/5) Lair:5
    Orc (2/2) D:10            Elf (0/3) Orc:2         Sewer (visited)
 Bailey (visited)

Altars:
Cheibriados
Dithmenos
Elyvilon
Fedhas
Gozag
Hepliaklqana
Kikubaaqudgha
Makhleb
Nemelex Xobeh
Okawaru
Ru
Sif Muna
Trog
Uskayaw
Vehumet
Wu Jian
Yredelemnul
The Shining One
Beogh

Shops:
D:2 (   Orc:2 :?(

Annotations:
Lair:3 1 runed translucent door, spica's ghost, journeyman HOBe
Lair:5 exclusion: oklob plant


Innate Abilities, Weirdness & Mutations

You have a pair of large antennae on your head. (SInv)
You frequently emit foul miasma when damaged in melee.
A meltable icy envelope protects you from harm. (AC +4)
When seriously injured, your blood forms armour. (AC +6)
A meltable shield of frost defends you. (SH +4)
Your mind is very acute. (Int +4)
You are strong-willed. (Will+)
You are weak. (Str -2)


Message History

Your river rat bites the orc warrior but does no damage.
Unknown command.
You radiate an aura of cold.
Your river rat seems to slow down. x2
The orc warrior seems to slow down.
The orc priest seems to slow down. x2
The orc warrior seems to slow down.
The red devil seems to slow down.
The orc high priest resists.
The rust devil is unaffected.
The orc priest seems to slow down.
The smoke demon seems to slow down.
The orc warrior hits your river rat with a +0 hand axe!
Your river rat dies!
The orc warrior hits your river rat with a +0 hand axe.
Your river rat dies!
Aiming: Fulminant Prism (mildly dangerous; 1% risk of failure)
Press: ? - help, Q - select action, (/) - cycle Dir - move target, p - orc warrior You conjure a prism of explosive energy!
A fulminant prism comes into view.
The orc warrior hits your fulminant prism with a +0 hand axe!
You radiate an aura of cold.
Your fulminant prism is unaffected.
The orc high priest seems to slow down.
The orc warrior seems to slow down.
The rust devil is unaffected.
The red devil seems to slow down.
The orc priest seems to slow down. x2; The orc warrior seems to slow down.
The smoke demon seems to slow down.
Your fulminant prism crackles loudly.
The orc high priest hits your fulminant prism with a +0 hand axe!
The orc priest looks satisfied for a moment.
The orc warrior hits your fulminant prism with a +0 hand axe.
The orc priest mumbles some strange prayers to Beogh against you.
Beogh smites you!
A river rat scurries out from under your cloak.
Your fulminant prism explodes!
The blast of energy engulfs your river rat!!!
You kill your river rat!
The blast of energy engulfs the orc high priest!!
The orc high priest is almost dead.
The blast of energy engulfs the orc warrior!!
You kill the orc warrior!
Cheibriados appreciates the change of pace.
The blast of energy engulfs you!!!
You die...

.#....#..).......#...##..####..#.
.#.##'###)###'##.#.).#.### ##..#
##.#...##.##...#.##'#### ####
...#...##.##...#....#
#########)###########
#####.....)...#####
#.......8.8.......### .
....)....)..........## ...
..).##.......##.@..o4##.....
..###...).....###..)o.oo.)..
###....)8)8.....###4.3o..)8.
#............))...###.......
...................####.....
.......#)..#..).....## #....
......##8)8##...))...## #...
...####.....####.)....# ### .##
#....... ###.....#


You could see an orc high priest (slow), a rust devil (summoned), a smoke demon
(summoned, slow), a red devil (summoned, slow), an orc warrior (slow) and 3 orc
priests.

Vanquished Creatures
  4 orc warlords
  15 hydras
  A merfolk avatar (Lair:6)
  8 two-headed ogres
  3 death yaks (Lair:6)
  2 catoblepae
  An orc high priest (Orc:2)
  4 sea snakes (Lair:6)
  4 orc knights
  A harpy (Lair:6)
  6 orc sorcerers
  A manticore (Lair:6)
  5 elephants (Lair:4)
  Joseph (D:10)
  4 black mambas
  8 rime drakes
  15 cane toads
  19 komodo dragons
  A freezing wraith (D:11)
  A tyrant leech (Lair:2)
  A queen bee (Lair:1)
  8 polar bears
  7 trolls
  2 hornets
  3 wind drakes (Lair:6)
  3 blink frogs (Lair:6)
  A shadow (D:9)
  4 wraiths
  46 yaks
  3 wyverns
  4 basilisks
  6 vampire mosquitoes (D:11)
  3 steam dragons
  3 swamp worms (Lair:2)
  An acid dragon (D:9)
  A naga (Lair:2)
  6 wargs
  12 water moccasins
  Duvessa (D:6)
  An ice beast (D:5)
  36 orc warriors
  4 black bears
  2 sky beasts
  13 ogres
  16 wolves
  2 centaurs
  A kobold brigand (D:9)
  2 scorpions
  6 bullfrogs
  Dowan (D:6)
  A water moccasin skeleton (D:5)
  33 killer bees
  5 howler monkeys
  An electric eel (D:8)
  A lava snake (D:8)
  3 centaur zombies
  2 hounds (D:5)
  18 orc priests
  A gnoll shaman (D:8)
  A centaur skeleton (D:3)
  2 iguanas
  Terence (D:3)
  17 orc wizards
  A killer bee zombie (D:5)
  A hound skeleton (D:5)
  Robin (D:3)
  4 gnolls (D:8)
  5 river rats (Sewer)
  13 adders
  2 shadow imps
  2 white imps (D:6)
  An ufetubus (D:6)
  8 worms
  A dart slug (D:2)
  100 orcs
  4 endoplasms
  6 giant cockroaches
  15 goblins
  9 hobgoblins
  9 jackals
  10 kobolds
  5 quokkas
  12 ball pythons
  11 bats
  5 frilled lizards
  4 rats
  5 fulminant prisms
623 creatures vanquished.

Vanquished Creatures (collateral kills)
  2 orc high priests
  An elephant (Lair:4)
  A cane toad (Lair:1)
  A polar bear (Lair:6)
  A warg (D:10)
  An orc (Orc:2)
7 creatures vanquished.

Vanquished Creatures (others)
  An orc (Bailey)
  167 foxfires
  20 fulminant prisms
  45 fungi
  54 plants
  14 toadstools (Lair:5)
301 creatures vanquished.

Grand Total: 931 creatures vanquished

Notes
Turn   | Place    | Note
-------+----------+-------------------------------------------
     0 | D:1      | DemonSlayer the Demonspawn Fire Elementalist began the
                  | quest for the Orb.
     0 | D:1      | Reached XP level 1. HP: 13/13 MP: 3/3
   217 | D:1      | Gained mutation: You may rarely emit foul miasma when
                  | damaged in melee. [demonic ancestry]
   217 | D:1      | Reached XP level 2. HP: 19/19 MP: 0/5
   797 | D:2      | Learned a level 2 spell: Scorch
  1010 | D:2      | Reached XP level 3. HP: 24/24 MP: 3/6
  1469 | D:2      | Found Wuebbead's Weapon Shop.
  1615 | D:2      | Gained mutation: You have a pair of small antennae on your
                  | head. [demonic ancestry]
  1615 | D:2      | Reached XP level 4. HP: 30/30 MP: 2/8
  1626 | D:2      | Found a faded altar of an unknown god.
  1841 | D:2      | Found a blossoming altar of Fedhas.
  2083 | D:3      | Reached skill level 3 in Spellcasting
  2204 | D:3      | Noticed Terence
  2214 | D:3      | Killed Terence
  2265 | D:3      | Reached XP level 5. HP: 33/35 MP: 1/10
  2363 | D:3      | Noticed a black bear
  2370 | D:3      | Killed a black bear
  2371 | D:3      | Reached skill level 4 in Spellcasting
  2603 | D:3      | Noticed Robin
  2637 | D:3      | Killed Robin
  2862 | D:3      | Learned a level 3 spell: Conjure Flame
  2866 | D:3      | Learned a level 3 spell: Inner Flame
  2897 | D:4      | Reached XP level 6. HP: 41/41 MP: 12/12
  3117 | D:4      | Found a glowing drain.
  3130 | Sewer    | Entered a sewer
  4926 | D:4      | Identified the ring of Caureateu {*Corrode rElec Int-3
                  | Dex+6 SInv}
  5004 | D:4      | Reached skill level 5 in Spellcasting
  5004 | D:4      | Reached skill level 5 in Fire Magic
  5004 | D:4      | Reached XP level 7. HP: 46/46 MP: 9/14
  5449 | D:5      | Entered Level 5 of the Dungeon
  5614 | D:5      | Reached skill level 1 in Fighting
  6489 | D:5      | Found an ornate altar of the Wu Jian Council.
  6522 | D:5      | Reached skill level 6 in Spellcasting
  6523 | D:5      | Gained mutation: You have a pair of antennae on your head.
                  | [demonic ancestry]
  6523 | D:5      | Reached XP level 8. HP: 23/54 MP: 11/17
  7175 | D:5      | Learned a level 2 spell: Searing Ray
  7180 | D:5      | Learned a level 4 spell: Fulminant Prism
  7185 | D:5      | Learned a level 4 spell: Flame Wave
  7205 | D:6      | Noticed Dowan
  7835 | D:6      | Reached skill level 7 in Spellcasting
  8281 | D:6      | Gained mutation: A meltable shield of frost defends you.
                  | (SH +4) [demonic ancestry]
  8281 | D:6      | Reached XP level 9. HP: 34/59 MP: 15/20
  8588 | D:6      | Found a staircase to the Ecumenical Temple.
  8615 | Temple   | Entered the Ecumenical Temple
  8745 | Temple   | Became a worshipper of Cheibriados the Contemplative
  8832 | D:6      | Noticed Duvessa
  8850 | D:6      | Killed Duvessa
  8851 | D:6      | Killed Dowan
  9012 | D:6      | Learned a level 3 spell: Stone Arrow
  9024 | D:7      | You fall into a shaft and drop 1 floor!
  9064 | D:8      | Reached skill level 8 in Spellcasting
  9921 | D:8      | Reached * piety under Cheibriados
 10224 | D:8      | Noticed a two-headed ogre
 10233 | D:8      | Killed a two-headed ogre
 10234 | D:8      | Reached skill level 9 in Spellcasting
 10234 | D:8      | Reached skill level 1 in Earth Magic
 10342 | D:9      | Found a flagged portal.
 10352 | Bailey   | Entered a bailey
 10494 | Bailey   | Reached skill level 1 in Shields
 10920 | Bailey   | Reached XP level 10. HP: 46/65 MP: 10/23
 11198 | Bailey   | Noticed an orc knight
 11214 | Bailey   | Killed an orc knight
 11320 | Bailey   | Got the Collected Works on Unholy Battle Magic
 11607 | D:9      | Reached skill level 1 in Short Blades
 11607 | D:9      | Reached skill level 1 in Long Blades
 11607 | D:9      | Reached skill level 1 in Axes
 11607 | D:9      | Reached skill level 1 in Maces & Flails
 11607 | D:9      | Reached skill level 1 in Polearms
 11607 | D:9      | Reached skill level 1 in Staves
 11607 | D:9      | Reached skill level 1 in Slings
 11607 | D:9      | Reached skill level 1 in Bows
 11607 | D:9      | Reached skill level 1 in Crossbows
 11607 | D:9      | Reached skill level 1 in Throwing
 11607 | D:9      | Reached skill level 1 in Armour
 11607 | D:9      | Reached skill level 1 in Unarmed Combat
 11607 | D:9      | Reached skill level 1 in Hexes
 11607 | D:9      | Reached skill level 1 in Summonings
 11607 | D:9      | Reached skill level 1 in Necromancy
 11607 | D:9      | Reached skill level 1 in Translocations
 11607 | D:9      | Reached skill level 1 in Transmutations
 11607 | D:9      | Reached skill level 1 in Ice Magic
 11607 | D:9      | Reached skill level 1 in Air Magic
 11607 | D:9      | Reached skill level 1 in Poison Magic
 11607 | D:9      | Reached skill level 1 in Evocations
 11607 | D:9      | Gained mutation: You have a pair of large antennae on your
                  | head. (SInv) [demonic ancestry]
 11607 | D:9      | Reached XP level 11. HP: 72/72 MP: 24/24
 12228 | D:9      | Reached skill level 10 in Spellcasting
 12431 | D:9      | Gained mutation: You have sharp toenails. [potion of
                  | mutation]
 12431 | D:9      | Gained mutation: You have hidden genetic defects. [potion
                  | of mutation]
 12431 | D:9      | Gained mutation: You are weak. (Str -2) [potion of
                  | mutation]
 12432 | D:9      | Lost mutation: You have hidden genetic defects. [potion of
                  | mutation]
 12432 | D:9      | Lost mutation: You have sharp toenails. [potion of
                  | mutation]
 12432 | D:9      | Gained mutation: You tend to lose your temper in combat.
                  | [potion of mutation]
 12432 | D:9      | Gained mutation: Your mind is acute. (Int +2) [potion of
                  | mutation]
 12432 | D:9      | Gained mutation: You have hidden genetic potential. [potion
                  | of mutation]
 12476 | D:9      | Reached ** piety under Cheibriados
 12774 | D:9      | Reached skill level 5 in Conjurations
 12922 | D:9      | Reached *** piety under Cheibriados
 13048 | D:10     | Entered Level 10 of the Dungeon
 13160 | D:10     | Noticed Joseph
 13242 | D:10     | Killed Joseph
 13256 | D:10     | Found a staircase to the Orcish Mines.
 13304 | D:10     | Lost mutation: You tend to lose your temper in combat.
                  | [potion of mutation]
 13304 | D:10     | Lost mutation: You have hidden genetic potential. [potion
                  | of mutation]
 13304 | D:10     | Gained mutation: You are strong-willed. (Will+) [potion of
                  | mutation]
 13304 | D:10     | Gained mutation: Your mind is very acute. (Int +4) [potion
                  | of mutation]
 13380 | D:10     | Found the +4 skin of Zhor {*Englaciate rC+++ SInv}
 13625 | D:10     | Reached **** piety under Cheibriados
 13970 | D:10     | Gained mutation: A meltable icy envelope protects you from
                  | harm. (AC +4) [demonic ancestry]
 13970 | D:10     | Reached XP level 12. HP: 80/80 MP: 20/26
 14154 | Orc:1    | Entered Level 1 of the Orcish Mines
 14154 | Orc:1    | Noticed an orc high priest
 14154 | Orc:1    | Noticed an orc warlord
 14404 | D:11     | Reached skill level 11 in Spellcasting
 14534 | D:11     | Found a hide-covered altar of Uskayaw.
 14549 | D:11     | Found the +2 ratskin cloak {*Rats rPois rN+ Str-1 Int-1
                  | Dex+1}
 14685 | D:11     | Found a staircase to the Lair.
 14991 | D:11     | Noticed a two-headed ogre
 14997 | D:11     | Killed a two-headed ogre
 15369 | Lair:1   | Entered Level 1 of the Lair of Beasts
 15477 | Lair:1   | Reached ***** piety under Cheibriados
 15489 | D:11     | Reached skill level 5 in Earth Magic
 16434 | Lair:1   | Noticed an eight-headed hydra
 16437 | Lair:1   | Reached skill level 12 in Spellcasting
 16440 | Lair:1   | Killed an eight-headed hydra
 16492 | Lair:1   | Noticed a four-headed hydra
 16499 | Lair:1   | Killed a four-headed hydra
 16788 | Lair:2   | Noticed a five-headed hydra
 16799 | Lair:2   | Killed a five-headed hydra
 16948 | Lair:2   | Found a staircase to the Snake Pit.
 16954 | Lair:2   | Gained mutation: You sometimes emit foul miasma when
                  | damaged in melee. [demonic ancestry]
 16954 | Lair:2   | Reached XP level 13. HP: 85/87 MP: 23/29
 16962 | Lair:2   | Reached skill level 5 in Dodging
 17442 | Lair:2   | Found a staircase to the Swamp.
 18236 | Lair:3   | Found a runed translucent door.
 18261 | Lair:3   | Reached ****** piety under Cheibriados
 18920 | Lair:3   | Identified the +6 spear "Ogre's Death Toll" {vorpal, Contam
                  | rElec Int+5 Dex+4}
 19036 | Lair:3   | Noticed spica's ghost (journeyman HOBe)
 19046 | Lair:3   | Identified the +7 trident of Shame {vamp, rC+}
 19352 | Lair:4   | Reached skill level 13 in Spellcasting
 20644 | Lair:5   | Reached skill level 5 in Stealth
 20686 | Lair:5   | Found a staircase to the Slime Pits.
 21398 | Lair:5   | Gained mutation: When seriously injured, your blood forms
                  | armour. (AC +6) [demonic ancestry]
 21398 | Lair:5   | Reached XP level 14. HP: 81/94 MP: 20/31
 21883 | Lair:5   | Found a blossoming altar of Fedhas.
 21984 | Lair:6   | Entered Level 6 of the Lair of Beasts
 23055 | Lair:6   | Reached skill level 10 in Conjurations
 23072 | Lair:6   | Identified the +5 flail of the Endless March {vorpal, rC+
                  | rCorr Int-2}
 24136 | D:10     | Killed an orc warlord
 24297 | D:10     | Learned a level 5 spell: Summon Mana Viper
 24302 | D:10     | Learned a level 4 spell: Summon Ice Beast
 24707 | Orc:2    | Entered Level 2 of the Orcish Mines
 24834 | Orc:2    | Reached skill level 14 in Spellcasting
 25213 | Orc:2    | Noticed an orc warlord
 25223 | Orc:2    | Killed an orc warlord
 25329 | Orc:2    | Noticed an orc warlord
 25698 | Orc:2    | Learned a level 4 spell: Dispel Undead
 25703 | Orc:2    | Learned a level 4 spell: Sticky Flame
 25806 | Orc:2    | Paralysed by an orc sorcerer for 4 turns
 26175 | Orc:2    | Found Kol Acy's Book Emporium.
 26191 | Orc:2    | Bought Great Wizards, Vol. II for 456 gold pieces
 26264 | Orc:2    | Found Zuqon's Magic Scroll Shoppe.
 26264 | Orc:2    | Noticed an orc warlord
 27193 | Orc:2    | Killed an orc warlord
 27194 | Orc:2    | Gained mutation: You frequently emit foul miasma when
                  | damaged in melee. [demonic ancestry]
 27194 | Orc:2    | Reached XP level 15. HP: 100/100 MP: 9/33
 27243 | Orc:2    | Bought a scroll of teleportation for 42 gold pieces
 27474 | Orc:2    | Killed an orc warlord
 28141 | Orc:2    | Found Noppasud's Weapon Shop.
 28494 | Orc:2    | Found a staircase to the Elven Halls.
 28582 | Orc:2    | Killed by an exploding fulminant prism

Illustrated notes

Levels and vault maps discovered:
D:1:      lightli_arrival_statuegarden, layout_rooms
D:2:      layout_basic, basic_altar, ebering_ecumenical_altar_sacrificial,
          serial_shops, nicolae_shop_bloodbath_and_beyond,
          kennysheep_flooded_box
D:3:      layout_basic, uniq_terence, uniq_robin
D:4:      layout_basic, cheibrodos_sewer_entry_sluice
D:5:      layout_cave_pools, nicolae_wu_jian_immortal_techniques, serial_rivers,
          chequers_serial_rivers_large_a, chequers_serial_rivers_micro_a,
          chequers_serial_rivers_small_3, chequers_serial_rivers_micro_b,
          chequers_serial_rivers_room_a
D:6:      layout_rooms, minmay_temple_entry_statues_fountains,
          minmay_statues_item, uniq_duvessa
D:7:      layout_rooms
D:8:      layout_gridville, dk_vineyard_2, nicolae_lava_and_water
D:9:      layout_roguey, enter_bailey_2, roderic_serpentine_path
D:10:     layout_rooms, minmay_orc_entry_guard_dogs,
          hellmonk_guarded_unrand_zhor, uniq_joseph
D:11:     layout_grid_maze, lair_entry_dummy, chequers_jeans,
          nicolae_uskayaw_murder_on_the_dancefloor
Temple:   mainiacjoe_temple_circle_huts
Lair:1:   layout_hall_layers, special_room [special_room_bee],
          beast_lair_carwin_10, lemuel_fruit_tree
Lair:2:   layout_big_grid, palyth_hydra_swamp_entry,
          guppyfry_snake_entry_garden, cheibrodos_lair_caveside_slide
Lair:3:   layout_loops_ring, ebering_ghost_funeral_grove,
          chequers_serial_rivers_marsh, eino_small_chamber_without_monster
Lair:4:   layout_regular_city, infiniplex_staircase_pool
Lair:5:   layout_loops_ring, slime_dummy, tgw_fedhas
Lair:6:   gammafunk_lair_ancient_temple, layout_gridlike, basic_altar,
          infiniplex_staircase_pool_2
Orc:1:    layout_caves, basic_altar
Orc:2:    pubby_orc_utopia, serial_shops

Skill      XL: |  1  2  3  4  5  6  7  8  9 10 11 12 13 14 15 |
---------------+----------------------------------------------+-----
Fire Magic     | 3 5 6 7 8 |  8.9
Dodging        | 2 3 4 6 7 |  7.0
Stealth        | 2 3 4 5 |  5.6
Spellcasting   | 3 4 5 6 7 9 10 12 13 14 | 14.3
Fighting       | 1 2 3 4 |  4.0
Conjurations   | 3 4 6 8 9 10 11 | 11.1
Earth Magic    | 1 3 4 6 7 9 |  9.5
Shields        | 1 2 3 4 |  4.7
Short Blades   | 1 |  1.9
Long Blades    | 1 |  1.1
Axes           | 1 |  1.1
Maces & Flails | 1 |  1.1
Polearms       | 1 2 3 |  3.4
Staves         | 1 |  1.1
Slings         | 1 |  1.1
Bows           | 1 |  1.1
Crossbows      | 1 |  1.1
Throwing       | 1 |  1.1
Armour         | 1 2 |  2.0
Unarmed Combat | 1 |  1.1
Hexes          | 1 2 |  2.2
Summonings     | 1 |  1.9
Necromancy     | 1 |  1.4
Translocations | 1 |  1.1
Transmutations | 1 |  1.1
Ice Magic      | 1 |  1.1
Air Magic      | 1 |  1.1
Poison Magic   | 1 |  1.2
Invocations    | 2 |  2.5
Evocations     | 1 |  1.8

Action                   |  1- 3 |  4- 6 |  7- 9 | 10-12 | 13-15 || total
-------------------------+-------+-------+-------+-------+-------++-------
Melee: Unarmed           |     6 |       |       |       |       ||     6
       Dagger            |       |    28 |    10 |    68 |     1 ||   107
       Punch             |       |       |     1 |     1 |     6 ||     8
       Spear             |       |       |       |       |   177 ||   177
 Cast: Foxfire           |    95 |       |    20 |       |       ||   115
       Scorch            |    16 |   132 |   109 |     7 |       ||   264
       Stone Arrow       |       |       |    33 |   232 |   551 ||   816
       Flame Wave        |       |       |     2 |    15 |    20 ||    37
       Conjure Flame     |       |       |     1 |     4 |       ||     5
       Fulminant Prism   |       |       |       |    13 |    12 ||    25
       Searing Ray       |       |       |       |       |     3 ||     3
       Summon Mana Viper |       |       |       |       |     5 ||     5
Evoke: Wand              |       |       |     5 |       |     4 ||     9
  Use: Scroll            |       |     9 |     2 |     9 |     9 ||    29
       Potion            |       |       |     5 |    13 |     6 ||    24
 Stab: Sleeping          |       |     5 |     1 |     1 |     7 ||    14
       Distracted        |       |       |       |       |     3 ||     3
Armor: Robe              |     5 |    23 |     8 |     4 |       ||    40
       Skin              |       |       |       |    17 |       ||    17
       Troll leather arm |       |       |       |     8 |       ||     8
       Animal skin       |       |       |       |    39 |   134 ||   173
Dodge: Dodged            |    26 |    72 |    63 |   150 |   352 ||   663
Block: Other             |       |       |     9 |    40 |    52 ||   101
       Buckler           |       |       |       |       |    84 ||    84
